 Dungeon Crawl Stone Soup version 0.26.0-10-g1f06aea511 (webtiles) character file.

Game seed: 15943822549336894225

7681 Arum the Grappler (level 11, -1/101 HPs)
             Began as a Ghoul Gladiator on Jan 19, 2021.
             Was an Initiate of Gozag.
             Slain by an iguana (5 damage)
             ... while paralysed by an orc sorcerer
             ... on level 11 of the Dungeon.
             The game lasted 00:16:42 (9658 turns).

Arum the Grappler (Ghoul Gladiator)                 Turns: 9658, Time: 00:16:43

Health: -1/101     AC:  2    Str: 22    XL:     11   Next: 19%
Magic:  10/10      EV:  2    Int:  3    God:    Gozag
Gold:   1131       SH:  0    Dex: 10    Spells: 10/10 levels left

rFire    . . .     SeeInvis .     - Unarmed
rCold    + . .     Faith    .   (no shield)
rNeg     + + +     Spirit   .   F - +0 ring mail (curse)
rPois    ∞         Reflect  .   b - +0 helmet
rElec    .         Harm     .   (no cloak)
rCorr    .         Rampage  .   (no gloves)
Will     .....                  (no boots)
Stlth    ..........             (no amulet)
HPRegen  0.00/turn              g - +4 ring of evasion
MPRegen  0.12/turn              r - +4 ring of protection

@: paralysed, corroded
A: claws 1, cold resistance 1, negative energy resistance 3, inhibited
regeneration, torment resistance, unbreathing
a: Renounce Religion, Potion Petition, Call Merchant, Bribe Branch


You were on level 11 of the Dungeon.
You worshipped Gozag.
Gozag was most pleased with you.
You visited 1 branch of the dungeon, and saw 11 of its levels.

You collected 2513 gold pieces.
You spent 751 gold pieces at shops.
You paid 631 gold pieces to Gozag.

Inventory:

Missiles
 c - 3 throwing nets (quivered)
Armour
 b - a +0 helmet (worn)
 F - a cursed +0 ring mail (worn)
Jewellery
 g - a +4 ring of evasion (left claw)
 o - an uncursed ring of willpower
 r - a +4 ring of protection (right claw)
Wands
 p - a wand of iceblast (19)
 y - a wand of flame (25)
 B - a wand of digging (3)
 C - a wand of random effects (27)
Scrolls
 a - a scroll of fog
 e - 8 scrolls of remove curse
 h - 2 scrolls of enchant armour
 i - 2 scrolls of blinking
 j - a scroll of silence
 k - 8 scrolls of identify
 l - 4 scrolls of teleportation
 q - 2 scrolls of enchant weapon
 t - a scroll of torment {unknown}
 w - 4 scrolls of magic mapping
 D - a scroll of summoning
 E - a scroll of fear
Potions
 d - 2 potions of heal wounds
 f - 2 potions of curing
 m - 2 potions of haste
 n - a potion of cancellation
 s - 5 potions of might
 u - a potion of flight
 v - a potion of ambrosia
 x - a potion of brilliance
 z - a potion of attraction
 A - a potion of magic


   Skills:
 + Level 10.8 Fighting
 - Level 1.7 Throwing
 + Level 9.5 Dodging
 + Level 11.1 Unarmed Combat


You had 10 spell levels left.
You didn't know any spells.
Your spell library was empty.

Dungeon Overview and Level Annotations

Branches:
Dungeon (11/15)            Temple (0/1) D:4            Lair (0/6) D:8
    Orc (0/2) D:9

Altars:
Dithmenos
Fedhas
Gozag
Nemelex Xobeh
Okawaru
Qazlal
Sif Muna
Uskayaw
Wu Jian
Xom
Yredelemnul
Zin

Shops:
D:5 ?   D:10 ***!?

Annotations:
D:4 1 transporter, vatarom's ghost, amateur TeAE


Innate Abilities, Weirdness & Mutations

You thrive by killing the living.
You are immune to poison.
You have sharp fingernails.
Your flesh is cold resistant. (rC+)
You are immune to negative energy. (rN+++)
You do not regenerate when monsters are visible.
You are immune to unholy pain and torment.
You can survive without breathing.


Message History

The orc sorcerer hits you with a +0 dagger.
* * * LOW HITPOINT WARNING * * *
The rust devil hits you.
* * * LOW HITPOINT WARNING * * *
The rust devil corrodes you!
The ice devil hits you but does no damage.
The orc sorcerer hits you but does no damage.
The iguana bites you.
* * * LOW HITPOINT WARNING * * *
The rust devil hits you.
* * * LOW HITPOINT WARNING * * *
The rust devil corrodes you! The ice devil hits you.
* * * LOW HITPOINT WARNING * * *
The ice devil freezes you! You resist.
* * * LOW HITPOINT WARNING * * *
The orc sorcerer hits you but does no damage.
The iguana bites you.
You die...
Your body crumbles into a pile of gold.

#######..##################.....
#..# #..... #..# #..... #..#
#..... ######..# #.....
.........##################.....
................................
...............lo.##############
................@4.#
.................4.#
...................## ####
.............>........ .....
..................... .....
#.#####.............. .....
####..####...########### .....
#.....l......# .....
..≈≈≈.≈≈≈....# .....


You could see an ice devil (summoned), a rust devil (summoned), an orc sorcerer
and an iguana.

Vanquished Creatures
  A hydra (D:7)
  2 two-headed ogres
  A gargoyle (D:11)
  A centaur skeleton (D:11)
  Menkaure (D:4)
  A water moccasin (D:6)
  2 ice beasts
  A swamp drake (D:9)
  3 orc warriors
  3 sky beasts
  2 phantoms
  6 ogres
  7 centaurs
  2 big kobolds
  5 bullfrogs
  A gnoll sergeant (D:3)
  3 scorpions
  5 killer bees (D:10)
  6 wights
  7 howler monkeys
  A bullfrog zombie (D:7)
  4 hounds
  A bullfrog skeleton (D:8)
  2 orc priests
  8 orc wizards
  4 gnoll shamans
  An iguana (D:6)
  5 worker ants
  A hound skeleton (D:7)
  55 gnolls
  A worker ant zombie (D:6)
  2 howler monkey skeletons
  5 adders
  A shadow imp (D:2)
  A white imp (D:6)
  An ufetubus (D:8)
  An adder skeleton (D:8)
  3 worms (D:3)
  A dart slug (D:1)
  A leopard gecko (D:7)
  31 orcs
  9 giant cockroaches
  7 hobgoblins
  20 jackals
  16 kobolds
  6 quokkas
  2 ball pythons (D:1)
  11 bats
  6 frilled lizards
  8 goblins
  A jackal skeleton (D:7)
  A leopard gecko skeleton (D:6)
  A quokka skeleton (D:5)
  4 quokka zombies
  5 rats
287 creatures vanquished.

Vanquished Creatures (others)
  An adder (D:11)
  A rat (D:1)
  8 plants
  5 toadstools (D:4)
15 creatures vanquished.

Grand Total: 302 creatures vanquished

Notes
Turn   | Place    | Note
-------+----------+-------------------------------------------
     0 | D:1      | Arum the Ghoul Gladiator began the quest for the Orb.
     0 | D:1      | Reached XP level 1. HP: 17/17 MP: 0/0
    86 | D:1      | Reached XP level 2. HP: 25/25 MP: 1/1
   124 | D:1      | You fall into a shaft and drop 1 floor!
   237 | D:2      | Found a shimmering altar of Xom.
   240 | D:2      | Reached XP level 3. HP: 30/30 MP: 2/2
   458 | D:2      | Found an opulent altar of Gozag.
   474 | D:2      | Became a worshipper of Gozag Ym Sagoz the Greedy
   668 | D:1      | Reached skill level 4 in Unarmed Combat
   707 | D:1      | Reached XP level 4. HP: 38/38 MP: 3/3
  1235 | D:3      | Found a sparkling altar of Nemelex Xobeh.
  1545 | D:3      | Found a stormy altar of Qazlal.
  1580 | D:3      | Reached XP level 5. HP: 45/45 MP: 4/4
  2128 | D:3      | You fall into a shaft and drop 1 floor!
  2141 | D:4      | Reached XP level 6. HP: 46/52 MP: 5/5
  2195 | D:4      | Found a transporter.
  2208 | D:4      | Found a staircase to the Ecumenical Temple.
  2221 | D:4      | Reached skill level 5 in Unarmed Combat
  2301 | D:4      | Found a shimmering blue altar of Sif Muna.
  2929 | D:3      | Reached XP level 7. HP: 41/60 MP: 6/6
  2941 | D:3      | Reached skill level 5 in Fighting
  3625 | D:3      | Reached skill level 6 in Unarmed Combat
  3675 | D:3      | Reached skill level 5 in Dodging
  4013 | D:3      | Reached XP level 8. HP: 67/70 MP: 7/7
  4473 | D:4      | Noticed vatarom's ghost (amateur TeAE)
  4516 | D:5      | Entered Level 5 of the Dungeon
  4519 | D:5      | Noticed Menkaure
  4540 | D:4      | Killed Menkaure
  4575 | D:5      | Reached skill level 7 in Unarmed Combat
  4589 | D:5      | Found a hide-covered altar of Uskayaw.
  4636 | D:5      | Bought a scroll of enchant armour for 105 gold pieces
  4636 | D:5      | Bought a scroll of silence for 105 gold pieces
  4636 | D:5      | Bought a scroll of identify for 28 gold pieces
  4636 | D:5      | Bought a scroll of magic mapping for 49 gold pieces
  4636 | D:5      | Bought a scroll of remove curse for 42 gold pieces
  4830 | D:5      | Found an iron altar of Okawaru.
  5263 | D:5      | Reached XP level 9. HP: 79/79 MP: 8/8
  5454 | D:6      | Reached skill level 8 in Unarmed Combat
  6532 | D:7      | Reached skill level 9 in Unarmed Combat
  6546 | D:7      | You fall into a shaft and drop 1 floor!
  6648 | D:8      | Found a hide-covered altar of Uskayaw.
  6687 | D:8      | Found a blossoming altar of Fedhas.
  6714 | D:8      | Found a basalt altar of Yredelemnul.
  6738 | D:8      | Reached XP level 10. HP: 91/91 MP: 9/9
  6745 | D:8      | Found a staircase to the Lair.
  7163 | D:7      | Noticed an eight-headed hydra
  7174 | D:7      | Killed an eight-headed hydra
  7638 | D:9      | Found a glowing silver altar of Zin.
  7682 | D:9      | Found an ornate altar of the Wu Jian Council.
  7805 | D:9      | Noticed a two-headed ogre
  7816 | D:9      | Killed a two-headed ogre
  7817 | D:9      | Reached skill level 10 in Unarmed Combat
  7916 | D:9      | Reached skill level 10 in Fighting
  7998 | D:9      | Found a shadowy altar of Dithmenos.
  8131 | D:9      | Found a staircase to the Orcish Mines.
  8429 | D:10     | Entered Level 10 of the Dungeon
  8429 | D:10     | Noticed a two-headed ogre
  8437 | D:10     | Killed a two-headed ogre
  8454 | D:10     | Reached XP level 11. HP: 60/101 MP: 10/10
  8817 | D:10     | Found Counink's General Store.
  8825 | D:10     | Bought a potion of might for 64 gold pieces
  8825 | D:10     | Bought a cursed -4 ring of slaying for 32 gold pieces
  8833 | D:10     | Found Mircheravi's General Store.
  8894 | D:10     | Reached skill level 11 in Unarmed Combat
  8910 | D:10     | Found Woxuusor's Distillery.
  8919 | D:10     | Bought a potion of might for 56 gold pieces
  8931 | D:10     | Found Wimisaylo's Magic Scroll Boutique.
  8934 | D:10     | Bought a scroll of summoning for 114 gold pieces
  8934 | D:10     | Bought a scroll of identify for 24 gold pieces
  8934 | D:10     | Bought a scroll of fear for 42 gold pieces
  8934 | D:10     | Bought a scroll of identify for 24 gold pieces
  8934 | D:10     | Bought a scroll of magic mapping for 42 gold pieces
  8934 | D:10     | Bought a scroll of identify for 24 gold pieces
  9084 | D:10     | Found Midwetef's Assorted Antiques.
  9617 | D:11     | Noticed an orc sorcerer
  9622 | D:11     | Noticed a wizard
  9627 | D:11     | Paralysed by an orc sorcerer for 5 turns
  9655 | D:11     | Paralysed by an orc sorcerer for 5 turns
  9658 | D:11     | HP: 4/101 [ice devil[an orc sorcerer] (8)]
  9658 | D:11     | Slain by an iguana

Illustrated notes

Levels and vault maps discovered:
D:1:      shiori_arrival_oz, layout_basic, lemuel_another_geyser
D:2:      layout_rooms, lemuel_crystal_altar, lemuel_coloured_pillars_altar
D:3:      lemuel_castle_with_subvaults [lemuel_castle_interior_original],
          layout_basic, nemelex_xobeh_ov_fountains_minmay,
          nicolae_qazlal_general_emergency
D:4:      layout_rooms, lemuel_doored_altar, minmay_temple_entry_glass,
          gammafunk_ghost_gnarly_gnolls, minmay_gold_behind_fungi
D:5:      layout_basic, eat_drink_and_be_merry_uskayaw,
          kennysheep_okawaru_gauntlet, minmay_misc_feat_hallway, uniq_menkaure
D:6:      layout_loops_cross, minmay_microvault
D:7:      layout_rooms, kennysheep_small_circle
D:8:      layout_basic, yredelemnul_altar_generic,
          fedhas_bush_and_centaur_altar, lair_entry_dummy, basic_altar
D:9:      layout_roguey, nzn_wu_jian_contemplation,
          nicolae_dithmenos_through_a_glass_darkly, zin_academy, erik_orc_1,
          palyth_stone_intersect, st_stairs_11
D:10:     layout_cave_pools, serial_shops, shop, shop,
          nicolae_shop_window_shopping, shop_statue, kennysheep_little_box
D:11:     cheibrodos_wizards_tower, layout_long_grid, lemuel_centaur_altar

Skill      XL: |  1  2  3  4  5  6  7  8  9 10 11 |
---------------+----------------------------------+-----
Dodging        | 3 4 5 6 7 9 |  9.5
Fighting       | 3 4 5 7 9 10 | 10.8
Unarmed Combat | 4 5 6 7 9 10 11 | 11.1
Throwing       | |  1.7

Action                   |  1- 3 |  4- 6 |  7- 9 | 10-12 || total
-------------------------+-------+-------+-------+-------++-------
Melee: Unarmed           |   104 |   234 |   507 |   276 ||  1121
       Punch             |     2 |     5 |    17 |     8 ||    32
Invok: Call Merchant     |       |       |     1 |       ||     1
  Use: Potion            |       |     1 |       |     1 ||     2
       Scroll            |       |       |    17 |     3 ||    20
 Stab: Distracted        |       |       |     2 |       ||     2
Armor: Leather armour    |    22 |    14 |       |       ||    36
       Ring mail         |       |    46 |   122 |    65 ||   233
Dodge: Dodged            |    90 |   192 |   420 |   220 ||   922
